 Dungeon Crawl Stone Soup version 0.22.1-1-ga44c0e5 (webtiles) character file.

132 gbos the Ducker (level 4, 0/37 HPs)
             Began as a Deep Dwarf Transmuter on Sept 30, 2018.
             Was an Initiate of Makhleb.
             Slain by a wyvern zombie (10 damage)
             ... on level 6 of the Dungeon.
             The game lasted 00:09:13 (2473 turns).

gbos the Ducker (Deep Dwarf Transmuter)             Turns: 2473, Time: 00:09:13

Health: 0/37       AC:  2    Str: 14    XL:     4   Next: 92%
Magic:  5/5        EV: 14    Int: 14    God:    Makhleb [......]
Gold:   224        SH:  0    Dex: 13    Spells: 8/9 levels left

rFire    . . .     SeeInvis .     - Unarmed
rCold    . . .     Gourm    .   (no shield)
rNeg     . . .     Faith    .   b - +0 robe
rPois    .         Spirit   .   (no helmet)
rElec    .         Reflect  .   (no cloak)
rCorr    .         Harm     .   (no gloves)
MR       .....                  (no boots)
Stlth    +.........             i - amulet of rage
HPRegen  0.00/turn              (no ring)
MPRegen  0.09/turn              (no ring)

@: non-regenerating
A: damage resistance, heal wounds, sense surroundings 1, no regeneration
a: Heal Wounds, Renounce Religion, Evoke Berserk Rage


You were on level 6 of the Dungeon.
You worshipped Makhleb.
Makhleb was noncommittal.
You were hungry.

You visited 1 branch of the dungeon, and saw 4 of its levels.

You collected 224 gold pieces.

Inventory:

Missiles
 a - 35 arrows
Armour
 b - a +0 robe (worn)
 h - a +0 pair of boots
Jewellery
 g - an uncursed amulet of faith
 i - an amulet of rage (around neck)
Scrolls
 c - a scroll of identify
 l - a scroll of blinking {unknown}
 m - a scroll of fear {unknown}
Potions
 e - a potion of mutation {unknown}
 f - a potion of haste
 j - a potion of brilliance
Comestibles
 d - 9 rations


   Skills:
 - Level 0.8 Fighting
 + Level 4.1 Dodging
 + Level 2.7 Unarmed Combat
 + Level 3.2 Spellcasting
 + Level 2.1 Transmutations
 + Level 0.1 Invocations


You had 8 spell levels left.
You knew the following spells:

 Your Spells              Type           Power        Failure   Level  Hunger
a - Beastly Appendage     Tmut           #.....       9%          1    #......

Your spell library contained the following spells:

 Spells                   Type           Power        Failure   Level  Hunger
 Sticks to Snakes         Tmut           #.......     14%         2    ##.....
 Spider Form              Tmut/Pois      #.........   38%         3    ###....
 Ice Form                 Ice/Tmut       #.......     80%         4    #####..
 Blade Hands              Tmut           #.........   94%         5    ######.


Dungeon Overview and Level Annotations

Branches:
Dungeon (6/15)             Temple (0/1) D:6

Altars:
Cheibriados
Dithmenos
Makhleb
Okawaru
Wu Jian
Zin


Innate Abilities, Weirdness & Mutations

You are resistant to damage.
You can heal yourself by infusing magical energy.
You passively map a small area around you.
You do not regenerate.


Message History

You feel much better. The wyvern zombie bites you!
The hound pauses to sniff the ground.
The wyvern zombie closely misses you.
A gnoll comes into view.
As you open the door, it creaks loudly!
The gnoll shouts!
You hear a shout! x2
The wyvern zombie completely misses you.
The hound pauses to sniff the ground.
Found a glowing silver altar of Zin.
The wyvern zombie bites you!
* * * LOW HITPOINT WARNING * * *
There is an open door, spattered with blood here.
The wyvern zombie bites you.
* * * LOW HITPOINT WARNING * * *
Your magical essence is drained by the effort!
You feel much better. The wyvern zombie barely misses you.
The wyvern zombie bites you!
* * * LOW HITPOINT WARNING * * *
You fail to use your ability.
The wyvern zombie bites you.
You open the door. The wyvern zombie bites you!
You die...

⌠..>..⌠.####.#####., +
.........# #Y# **,# ,
##...###.# #.# .## #.⌠.#
#.# #.######.. *
#...###Y# #......... , ,
#.......# ##........ *
#.......# #.......Z.,
#...Y...# #Z###'###. , *
#.......# #.# #@#
#.......# #.###Z###.#.
##.......# #hY.YZ###....
#........##.g###.###....
#............# #.# ,..,
#............# #+#
#................
#...#####........., *,
#...# #....g.... ,


You could see an ice beast, a wyvern zombie and a bullfrog skeleton.

Vanquished Creatures
  6 adders
  A shadow imp (D:6)
  4 dart slugs
  2 leopard geckos
  5 bats
  5 giant cockroaches
  4 goblins (D:1)
  9 hobgoblins
  4 jackals (D:2)
  A ball python (D:1)
  5 frilled lizards
  A jackal zombie (D:6)
  6 kobolds
  11 rats
64 creatures vanquished.

Notes
Turn   | Place    | Note
-------+----------+-------------------------------------------
     0 | D:1      | gbos the Deep Dwarf Transmuter began the quest for the Orb.
     0 | D:1      | Reached XP level 1. HP: 16/16 MP: 3/3
   125 | D:1      | Reached XP level 2. HP: 13/24 MP: 3/5
   257 | D:1      | Reached skill level 3 in Dodging
   422 | D:1      | Reached XP level 3. HP: 28/30 MP: 3/5
  1130 | D:2      | Reached XP level 4. HP: 26/37 MP: 4/6
  1350 | D:2      | Found a burning altar of Makhleb.
  1361 | D:2      | Found a snail-covered altar of Cheibriados.
  1619 | D:2      | Became a worshipper of Makhleb the Destroyer
  1669 | D:3      | Found an iron altar of Okawaru.
  1873 | D:3      | Reached skill level 4 in Dodging
  2112 | D:3      | Found a shadowy altar of Dithmenos.
  2170 | D:3      | Found an ornate altar of the Wu Jian Council.
  2224 | D:3      | You fall through a shaft for 3 floors!
  2362 | D:6      | Found a staircase to the Ecumenical Temple.
  2421 | D:6      | Noticed an ice beast
  2465 | D:6      | Found a glowing silver altar of Zin.
  2473 | D:6      | Slain by a wyvern zombie

Skill      XL: |  1  2  3  4 |
---------------+-------------+-----
Spellcasting   | 2 3 |  3.2
Dodging        | 3 4 |  4.1
Transmutations | 2 |  2.1
Fighting       | |  0.8
Unarmed Combat | |  2.7
Invocations    | |  0.1

Action                   |  1- 3 |  4- 6 || total
-------------------------+-------+-------++-------
Melee: Unarmed           |   162 |   111 ||   273
       Kick              |    19 |     9 ||    28
       Headbutt          |    16 |     5 ||    21
       Punch             |     3 |     1 ||     4
 Cast: Beastly Appendage |    38 |    22 ||    60
 Abil: Heal Wounds       |     2 |     3 ||     5
  Use: Potion            |     3 |     2 ||     5
       Scroll            |       |     1 ||     1
 Stab: Sleeping          |       |     1 ||     1
  Eat: Chunk             |     1 |     1 ||     2
       Ration            |       |     1 ||     1
Armor: Robe              |    32 |    14 ||    46
Dodge: Dodged            |   141 |    84 ||   225
